 Seeded DCSS version 0.30.0-30-g96aa6591b8 (webtiles) character file.

Game seed: 5262528099854255737 (custom seed)

403 CInkIbrahim the Slasher (level 6, -5/30 HPs)
             Began as a Vine Stalker Gladiator on June 28, 2023.
             Slain by a bullfrog (6 damage)
             ... in a sewer.
             The game lasted 00:05:02 (2332 turns).

CInkIbrahim the Slasher (Vine Stalker Gladiator)    Turns: 2332, Time: 00:05:03

Health: -5/30      AC:  7    Str: 23    XL:     6   Next: 86%
Magic:  0/7        EV: 12    Int:  8    God:
Gold:   104        SH:  0    Dex: 17    Spells: 5/5 levels left

rFire   + . .        a - +0 short sword (vamp)
rCold   + . .        (no shield)
rNeg    . . .        j - +1 ring mail {rF+}
rPois   +            c - +0 helmet
rElec   .            q - scarf of Charmed Birdsong {repulsion, rC+ rCorr}
rCorr   +            (no gloves)
SInv    .            (no boots)
Will    .....        (no amulet)
Stlth   +            i - ring of poison resistance
HPRegen 1.05/turn    o - +6 ring of strength
MPRegen 0.10/turn

%: repel missiles, guardian spirit
@: lethally poisoned (-5 -> -6), about to teleport, very slow
A: fangs 2, regeneration 1, magic shield, antimagic bite, no potion heal 2
a: no special abilities


You were in a sewer.
You visited 1 branch of the dungeon, and saw 4 of its levels.
You also visited: Sewer.

You collected 256 gold pieces.
You spent 152 gold pieces at shops.

Inventory:

Hand Weapons
 a - a +0 vampiric short sword (weapon)
 b - a +0 dagger of electrocution
 h - a +0 long sword
Missiles
 d - 3 throwing nets (quivered)
 e - a javelin
 t - 4 poisoned darts
Armour
 c - a +0 helmet (worn)
 j - a +1 ring mail of fire resistance (worn)
 l - a +1 cloak
 m - a scarf of resistance
 q - the scarf of Charmed Birdsong (worn) {repulsion, rC+ rCorr}
   (You acquired it on level 2 of the Dungeon)

   rC:        It protects you from cold.
   rCorr:     It protects you from acid and corrosion.
 u - a +0 kite shield
 x - a +0 leather armour
Jewellery
 i - a ring of poison resistance (left hand)
 o - a +6 ring of strength (right hand)
Wands
 w - a wand of charming (11)
Scrolls
 p - a scroll of immolation {unknown}
 v - a scroll of amnesia {unknown}
 y - a scroll of enchant armour {unknown}
Potions
 f - a potion of haste {unknown}
 g - a potion of might
 k - 2 potions of curing {unknown}
 r - a potion of heal wounds {unknown}
 z - a potion of magic {unknown}
 A - a potion of berserk rage {unknown}
 B - a potion of resistance {unknown}
 C - a potion of brilliance {unknown}
 D - 2 potions of lignification {unknown}


   Skills:
 - Level 1.7 Fighting
 + Level 6.8 Long Blades
 - Level 1.7 Throwing
 - Level 2.4 Dodging


You had 5 spell levels left.
You didn't know any spells.
Your spell library contained the following spells:

 Spells                   Type           Power      Damage    Failure   Level
 Apportation              Tloc           0%         N/A       56%         1
 Necrotise                Necr           0%         1d4       56%         1
 Summon Small Mammal      Summ           0%         N/A       56%         1
 Sublimation of Blood     Necr           0%         N/A       71%         2
 Wereblood                Tmut           0%         N/A       71%         2
 Summon Hydra             Summ           0%         N/A       100%        7


Dungeon Overview and Level Annotations

Branches:
Dungeon (4/15)              Sewer (1/1)
 Temple: D:4-7

Altars:
Cheibriados
Elyvilon

Shops:
D:1 :   D:2 [

Annotations:
D:3 1 runed translucent door, Sigmund; viagra's ghost, amateur MiBe


Innate Abilities, Weirdness & Mutations

You have extremely sharp teeth.
Your natural rate of healing is unusually fast.
When hurt, damage is shared between your health and your magic reserves.
Your bite disrupts and absorbs the magic of your enemies.
Potions cannot restore your health.


Message History

The bullfrog is almost dead.
The bullfrog hits you. x2; The adder bites you.
* * * LOW HITPOINT WARNING * * *
You are poisoned.
The adder poisons you!
You are too injured to fight recklessly!
You are too injured to fight recklessly!
You are too injured to fight recklessly!
You are too injured to fight recklessly!
You are too injured to fight recklessly!
You are too injured to fight recklessly!
You are too injured to fight recklessly!
You closely miss the bullfrog. Your bite misses the bullfrog.
The bullfrog is almost dead.
You feel sick. The bullfrog barely misses you.
The bullfrog hits you but does no damage.
The adder bites you but does no damage. The adder attacks as you move away!
The adder bites you but does no damage.
You feel sick. The bullfrog closely misses you.
The bullfrog hits you but does no damage.
The bullfrog barely misses you.
The bullfrog hits you but does no damage.
The adder bites you but does no damage.
As you read the scroll of teleportation, it crumbles to dust.
You feel strangely unstable.
You feel sick.
The bullfrog seems to regain its courage.
The adder bites you but does no damage. The bullfrog hits you.
* * * LOW HITPOINT WARNING * * *
The bullfrog closely misses you. The adder barely misses you.
The adder bites you but does no damage. The bullfrog hits you.
* * * LOW HITPOINT WARNING * * *
The bullfrog hits you but does no damage.
You feel sick.
The ball python seems to regain its courage.
The adder bites you but does no damage. The adder barely misses you.
The adder bites you but does no damage. The bullfrog barely misses you.
The adder bites you.
* * * LOW HITPOINT WARNING * * *
The adder closely misses you. The bullfrog hits you.
You die...

################### #
###.#≈≈≈≈≈≈~@FF≈l≈~≈#...
##....~≈≈≈~≈~SSS#~≈≈≈~...
#.....~~≈~~~≈S~#~~≈~~....
#.....~~~~~~≈≈≈≈~~~~≈....
##.....~~~~≈≈≈≈≈≈~≈~~~~...
#......≈≈≈≈≈≈≈≈≈≈≈≈≈~~#...
#....################## #+
##...#### #...†#..#


You could see 2 bullfrogs, 3 adders, a ball python and a frilled lizard.

Vanquished Creatures
  A water moccasin (D:3)
  A phantom (D:2)
  An orc priest (D:3)
  5 river rats
  4 adders (D:2)
  2 dart slugs
  3 orcs (D:3)
  5 bats
  7 endoplasms
  2 giant cockroaches
  2 hobgoblins (D:3)
  2 jackals (D:1)
  3 quokkas
  18 ball pythons
  3 frilled lizards
  9 goblins
  4 kobolds
  36 rats
108 creatures vanquished.

Notes
Turn   | Place    | Note
-------+----------+-------------------------------------------
     0 | D:1      | CInkIbrahim the Vine Stalker Gladiator began the quest for
                  | the Orb.
     0 | D:1      | Reached XP level 1. HP: 11/11 MP: 2/2
    96 | D:1      | Reached skill level 3 in Long Blades
   104 | D:1      | Reached XP level 2. HP: 9/15 MP: 0/3
   252 | D:1      | Found Zojak's Book Boutique.
   310 | D:1      | Reached XP level 3. HP: 18/18 MP: 4/4
   659 | D:2      | Found Dobing's Antique Armour Boutique.
   665 | D:2      | Reached skill level 4 in Long Blades
   803 | D:2      | Bought a glowing scarf for 152 gold pieces
   881 | D:2      | Gained mutation: Your natural rate of healing is unusually
                  | fast. [Vine Stalker growth]
   881 | D:2      | Reached XP level 4. HP: 23/23 MP: 5/5
   920 | D:2      | Identified a scroll of acquirement
   920 | D:2      | Acquired the scarf of Charmed Birdsong {repulsion, rC+
                  | rCorr}
  1029 | D:2      | Noticed a phantom
  1052 | D:2      | Killed a phantom
  1053 | D:2      | Reached skill level 5 in Long Blades
  1053 | D:2      | Reached XP level 5. HP: 25/26 MP: 4/6
  1699 | D:3      | Found a white marble altar of Elyvilon.
  1699 | D:3      | Found a snail-covered altar of Cheibriados.
  1840 | D:3      | Found a runed translucent door.
  1846 | D:3      | Noticed viagra's ghost (amateur MiBe)
  1866 | D:3      | Noticed Sigmund
  1918 | D:3      | Noticed a water moccasin
  1930 | D:3      | Killed a water moccasin
  1931 | D:3      | Reached skill level 6 in Long Blades
  1931 | D:3      | Reached XP level 6. HP: 18/30 MP: 4/7
  2005 | D:4      | Found a glowing drain.
  2017 | Sewer    | Entered a sewer
  2331 | Sewer    | HP: 1/30 [bullfrog (4)]
  2332 | Sewer    | Slain by a bullfrog

Illustrated notes

Levels and vault maps discovered:
D:1:      scummos_arrival_simple_crosswalls, layout_basic, serial_shops, shop,
          skrybe_limestone_x
D:2:      layout_loops_ring, serial_shops, nicolae_shop_waterfront,
          grunt_ministairs_15, kennysheep_path_1, guppyfry_early_lair_pool
D:3:      layout_loops_ring, gammafunk_temple_overflow_claw,
          ebering_ghost_sewer_f, supply_closet_lemuel, uniq_sigmund,
          uniq_jessica
D:4:      old_forge, layout_loops_corners, grunt_temple_overflow_open,
          portal_sewer_entry_e, uniq_natasha, uniq_pikel
Sewer:    sewer_minmay_w

Skill      XL: |  1  2  3  4  5 |
---------------+----------------+-----
Long Blades    | 3 4 5 6 |  6.8
Fighting       | |  1.7
Throwing       | |  1.7
Dodging        | |  2.4

Action                     |  1- 3 |  4- 6 || total
---------------------------+-------+-------++-------
  Melee: Long sword        |    27 |       ||    27
         Bite              |    18 |    61 ||    79
         Short sword       |    47 |   283 ||   330
         Punch             |     1 |     4 ||     5
    Use: Scroll            |       |     5 ||     5
         Potion            |       |     1 ||     1
   Stab: Sleeping          |     2 |       ||     2
 Armour: Leather armour    |    16 |       ||    16
         Ring mail         |     7 |   104 ||   111
  Dodge: Dodged            |    32 |   187 ||   219
